 Dungeon Crawl Stone Soup version 0.19.0-18-g426998a (webtiles) character file.

30 poirepourri the Sneak (level 3, 16/16 HPs)
             Began as a Spriggan Enchanter on Nov 11, 2016.
             Quit the game on level 2 of the Dungeon.
             The game lasted 00:02:06 (1974 turns).

poirepourri the Sneak (Spriggan Enchanter)          Turns: 1974, Time: 00:02:06

Health: 16/16      AC:  3    Str:  4    XL:     3   Next: 3%
Magic:  8/8        EV: 19    Int: 16    God:
Gold:   75         SH:  0    Dex: 17    Spells: 2 memorised, 4 levels left

rFire  . . .     SeeInvis +     a - +1 dagger
rCold  . . .     Gourm    .     b - +1 robe
rNeg   . . .     Faith    .     (shield restricted)
rPois  .         Spirit   .     (helmet restricted)
rElec  .         Reflect  .     (no cloak)
rCorr  .         Harm     .     (gloves unavailable)
MR     .....                    (boots unavailable)
Stlth  +++.......               (no amulet)
                                (no ring)
                                (no ring)

@: very quick
A: unfitting armour, see invisible, herbivore 3, speed 3, slow metabolism 2
a: no special abilities


You were on level 2 of the Dungeon.
You were not hungry.

You visited 1 branch of the dungeon, and saw 2 of its levels.

You collected 75 gold pieces.

Inventory:

Hand Weapons
 a - a +1 dagger (weapon)
Armour
 b - a +1 robe (worn)
Wands
 l - a wand of teleportation (3/9)
Scrolls
 f - a scroll of teleportation {unknown}
 h - a scroll of amnesia {unknown}
 i - a scroll of noise
 j - a scroll of identify {unknown}
Potions
 e - 3 potions of agility {unknown}
 g - a potion of haste {unknown}
 k - a potion of berserk rage {unknown}
 m - a potion of curing {unknown}
Books
 c - a book of Maledictions

   Spells                             Type                      Level
   a - Corona                         Hexes                        1
   b - Ensorcelled Hibernation        Hexes/Ice                    2
   c - Confuse                        Hexes                        3
   d - Tukima's Dance                 Hexes                        3
   e - Dazzling Spray                 Conjuration/Hexes            3
Comestibles
 d - a bread ration


   Skills:
 + Level 0.1 Fighting
 + Level 1.2 Short Blades
 + Level 3.7 Dodging
 + Level 5.1 Stealth
 + Level 2.9 Spellcasting
 + Level 4.0 Hexes


You had 4 spell levels left.
You knew the following spells:

 Your Spells              Type           Power        Failure   Level  Hunger
a - Corona                Hex            ###....      4%          1    #......
b - Ensorcelled Hibernat  Hex/Ice        #.....       14%         2    ##.....


Dungeon Overview and Level Annotations

Branches:
Dungeon (2/15)

Altars:


Innate Abilities, Weirdness & Mutations

You are very small and have problems with some larger weapons.
You are too small for most types of armour.
You have supernaturally acute eyesight. (SInv)
You are a herbivore.
You cover ground extremely quickly.
You need consume almost no food.


Message History

Aiming: Ensorcelled Hibernation
Press: ? - help, Shift-Dir - straight line, f/p - adder
Aim: an adder (chance to defeat MR: 49%)
The adder looks drowsy...
The helpless adder fails to defend itself.
You impale the adder!!
You kill the adder!
Your Stealth skill increases to level 5!
Your Hexes skill increases to level 4!
You have reached level 3!
Your experience leads to an increase in your attributes!
Increase (S)trength, (I)ntelligence, or (D)exterity?
You feel agile.
You start resting.
Magic restored.
You start resting.
HP restored.
You start waiting.
Done waiting.
Are you sure you want to abandon this character and quit the game? (Confirm with "yes".)

#.....<....#######
#......>..........
####..############ #########
#.## #.......#
####.############# #.......#
#.....)...........
#.......###..###############
#........)..## ######....
#.......###@# ###......###
#.......# #.# #...###### #
#.......# #.# ##.### ##
####..### #.# ##..# #.
##.#####.###..## #.
#.......#...## ##.
#####..#..### ###.. #..#.##
#...# #.....## ##.###


There were no monsters in sight!

Vanquished Creatures
  An adder (D:2)
  2 leopard geckos
  2 bats (D:1)
  2 giant cockroaches
  A goblin (D:2)
  6 kobolds
  A ball python (D:1)
  3 frilled lizards
  2 rats (D:2)
20 creatures vanquished.

Notes
Turn   | Place    | Note
-------+----------+-------------------------------------------
     0 | D:1      | poirepourri the Spriggan Enchanter began the quest for the Orb.
     0 | D:1      | Reached XP level 1. HP: 9/9 MP: 5/5
   148 | D:1      | Reached XP level 2. HP: 2/13 MP: 6/6
   903 | D:1      | Learned a level 2 spell: Ensorcelled Hibernation
  1730 | D:2      | Reached skill level 5 in Stealth
  1730 | D:2      | Reached XP level 3. HP: 8/16 MP: 0/8
  1974 | D:2      | Quit the game

Skill      XL: |  1  2 |
---------------+-------+-----
Stealth        | 5 |  5.1
Hexes          | 4 |  4.0
Fighting       | |  0.1
Short Blades   | |  1.2
Dodging        | |  3.7
Spellcasting   | |  2.9

Action                   || total
-------------------------++-------
Melee: Dagger            ||    70
 Cast: Ensorcelled Hiber ||    10
  Use: Scroll            ||     3
 Stab: Sleeping          ||     9
Armor: Robe              ||    13
Dodge: Dodged            ||    73
